 Dungeon Crawl Stone Soup version 0.29-a0-901-g46a8461d6a (webtiles) character file.

Game seed: 13379084532374403725

32 gruber the Chiller (level 3, 24/24 HPs)
             Began as a Demonspawn Ice Elementalist on July 23, 2022.
             Quit the game on level 2 of the Dungeon.
             The game lasted 00:00:57 (1315 turns).

gruber the Chiller (Demonspawn Ice Elementalist)    Turns: 1315, Time: 00:00:57

Health: 24/24      AC:  2    Str:  8    XL:     3   Next: 8%
Magic:  2/6        EV: 12    Int: 18    God:
Gold:   116        SH:  0    Dex: 13    Spells: 5/6 levels left

rFire   + . .      SeeInvis .   (no weapon)
rCold   + . .      Faith    .   (no shield)
rNeg    + . .      Spirit   .   a - +0 robe
rPois   .          Reflect  .   (helmet restricted)
rElec   .          Harm     .   d - scarf {rC+ rF+}
rCorr   .          Rampage  .   (no gloves)
Will    .....                   (no boots)
Stlth   ++........              (no amulet)
HPRegen 0.08/turn               g - ring of positive energy
MPRegen 0.10/turn               (no ring)

@: no status effects
A: claws 1, horns 1
a: no special abilities


You were on level 2 of the Dungeon.
You visited 1 branch of the dungeon, and saw 2 of its levels.

You collected 116 gold pieces.

Inventory:

Armour
 a - a +0 robe (worn)
 d - a scarf of resistance (worn)
Jewellery
 g - a ring of positive energy (left claw)
Scrolls
 f - a scroll of teleportation {unknown}
 h - a scroll of enchant weapon {unknown}
 i - a scroll of amnesia {unknown}
 k - a scroll of poison {unknown}
 l - a scroll of immolation {unknown}
 o - 2 scrolls of identify {unknown}
Potions
 b - 2 potions of magic
 c - a potion of attraction {unknown}
 e - a potion of lignification {unknown}
 j - 2 potions of haste {unknown}
 m - a potion of heal wounds {unknown}
 n - a potion of cancellation {unknown}


   Skills:
 - Level 1.7 Dodging
 - Level 1.7 Stealth
 + Level 2.4 Spellcasting
 + Level 4.3 Ice Magic


You had 5 spell levels left.
You knew the following spells:

 Your Spells              Type           Power      Damage    Failure   Level
a - Freeze                Ice            68%        1d8       3%          1

Your spell library contained the following spells:

 Spells                   Type           Power      Damage    Failure   Level
 Frozen Ramparts          Ice            34%        1d5       9%          3
 Ozocubu's Armour         Ice            17%        N/A       9%          3
 Hailstorm                Conj/Ice       10%        3d5       56%         4


Dungeon Overview and Level Annotations

Branches:
Dungeon (2/15)

Altars:


Innate Abilities, Weirdness & Mutations

You have sharp fingernails.
You have a pair of small horns on your head.


Message History

An endoplasm is nearby!
An endoplasm is nearby!
Found a stone staircase leading down.
You can't see any susceptible monsters within range! (Use Z to cast anyway.)
You can't see any susceptible monsters within range! (Use Z to cast anyway.)
You can't see any susceptible monsters within range! (Use Z to cast anyway.)
You can't see any susceptible monsters within range! (Use Z to cast anyway.)
You can't see any susceptible monsters within range! (Use Z to cast anyway.)
You freeze the endoplasm.
The endoplasm quivers.
The endoplasm is severely wounded.
The endoplasm completely misses you.
You freeze the endoplasm.
The endoplasm is almost dead.
The endoplasm freezes you.
You are frozen.
You resist.
An endoplasm is nearby!
An endoplasm is nearby!
You freeze the endoplasm.
You kill the endoplasm!
You can't see any susceptible monsters within range! (Use Z to cast anyway.)
An adder comes into view.
An adder is nearby!
An adder is nearby!
An adder is nearby!
You freeze the adder.
The adder is heavily wounded.
The adder seems to slow down.
The adder closely misses you.
You freeze the adder.
The adder is severely wounded.
The adder bites you but does no damage.
You freeze the adder.
You kill the adder!
You have reached level 3!
Your experience leads to an increase in your attributes!
Increase (S)trength, (I)ntelligence, or (D)exterity?
You feel clever. x2; Your demonic ancestry asserts itself...
A pair of horns grows on your head!
Okay, then.
Are you sure you want to abandon this character and quit the game? (Confirm with "yes".)

###. ..... #.
#.....# #. .
#.....###########.
..
##..>..............
.#.
..#...............
....
#.#.##.......#####
##.#.##†#.##.......#
.......@..##.......#
.###$##...#........#
........#..........#
##.####.###.(..#####
#.####.###....#
...............#
.........###.###
########## #..# ####


There were no monsters in sight!

Vanquished Creatures
  An adder (D:2)
  5 endoplasms
  A giant cockroach (D:1)
  A goblin (D:1)
  A hobgoblin (D:2)
  3 quokkas
  2 bats (D:1)
  4 frilled lizards
  A kobold (D:2)
  3 rats
22 creatures vanquished.

Vanquished Creatures (others)
  A plant (D:2)
1 creature vanquished.

Grand Total: 23 creatures vanquished

Notes
Turn   | Place    | Note
-------+----------+-------------------------------------------
     0 | D:1      | gruber the Demonspawn Ice Elementalist began the quest for
                  | the Orb.
     0 | D:1      | Reached XP level 1. HP: 13/13 MP: 3/3
   122 | D:1      | Reached skill level 4 in Ice Magic
   289 | D:1      | Discovered your monstrous ancestry.
   289 | D:1      | Gained mutation: You have sharp fingernails. [demonic
                  | ancestry]
   289 | D:1      | Reached XP level 2. HP: 19/19 MP: 3/5
  1315 | D:2      | Gained mutation: You have a pair of small horns on your
                  | head. [demonic ancestry]
  1315 | D:2      | Reached XP level 3. HP: 24/24 MP: 2/6
  1315 | D:2      | Quit the game

Illustrated notes

Levels and vault maps discovered:
D:1:      eino_arrival_water_cross, layout_rooms, minmay_surrounded
D:2:      layout_basic, chequers_ecumenical_altar_lobes, minmay_diced_spiral

Skill      XL: |  1 |
---------------+----+-----
Ice Magic      | 4 |  4.3
Dodging        | |  1.7
Stealth        | |  1.7
Spellcasting   | |  2.4

Action                   || total
-------------------------++-------
Melee: Unarmed           ||    16
 Cast: Freeze            ||    30
Armor: Robe              ||     5
Dodge: Dodged            ||    18

Table legend: (Time is in decaauts)
 A = Elapsed time spent in this place.
 B = Non-inter-level travel time spent in this place.
 C = Inter-level travel time spent in this place.
 D = Time resting spent in this place.
 E = Time spent auto-exploring this place.
 F = Levels seen in this place.
 G = Mean time per level.
                   A        B        C        D        E       F      G
               +--------+--------+--------+--------+--------+-----+--------+
         Total |   1314 |   1294 |     20 |      0 |   1135 |   2 |  657.0 |
       Dungeon |   1314 |   1294 |     20 |      0 |   1135 |   2 |  657.0 |
               +--------+--------+--------+--------+--------+-----+--------+

Top non-repeatable levels by time:
     D:1: 789 daAuts
     D:2: 524 daAuts
